 Dungeon Crawl Stone Soup version 0.29-a0-878-g7b45a56547 (webtiles) character file.

Game seed: 14282729162747971490

288303 EnegeticOcto the Deadly Accurate (level 19, -4/142 (189) HPs)
             Began as a Minotaur Brigand on July 19, 2022.
             Was a High Priest of Ashenzari.
             Killed from afar by a necromancer (38 damage)
             ... with a bolt of negative energy
             ... on level 2 of the Vaults on July 20, 2022.
             The game lasted 01:14:41 (51245 turns).

EnegeticOcto the Deadly Accurate (MiBr)            Turns: 51245, Time: 01:14:42

HP:   -4/142 (189)  AC: 32    Str: 30    XL:     19   Next: 88%
MP:   23/23         EV:  9    Int: 10    God:    Ashenzari [*****.]
Gold: 423           SH: 33    Dex: 13    Spells: 17/25 levels left

rFire   + + .      SeeInvis +   b - +5 broad axe (vamp)
rCold   + . .      Faith    .   e - +7 tower shield of the Ruined Sun {Drain rCorr Str+3, Fort, Alch} (curse)
rNeg    . . .      Spirit   .   T - +8 plate armour {rPois}
rPois   +          Reflect  +   I - +2 hat of the Chained Sage {Will+, Fort, Evo} (curse)
rElec   +          Harm     +   c - scarf of the All-seeing Sun {harm, Self, Melee} (curse)
rCorr   +          Rampage  .   g - +0 pair of gloves of Ashenzari's Blue Moon {Range, Comp} (curse)
Will    ++++.      Clarity  +   s - +1 pair of boots "Eternal Atheism" {Range, Fort} (curse)
Stlth   ..........              j - amulet "Eternal Together" {Reflect Will+ SH+5, Bglg, Self} (curse)
HPRegen 0.33/turn               y - ring "Secrets of Ashenzari" {rElec rF+ Will+ Str+4, Bglg, Evo} (curse)
MPRegen 0.18/turn               v - ring "Celestial Sybil" {Fly rF+ rC+ Int+2 SInv, Melee, Bglg} (curse)

@: flying, heavily drained
A: horns 2, retaliatory headbutt
}: 2/15 runes: barnacled, gossamer
a: Renounce Religion, Curse Item, Shatter the Chains


You were on level 2 of the Vaults.
You worshipped Ashenzari.
Ashenzari was extremely pleased with you.
You visited 6 branches of the dungeon, and saw 32 of its levels.
You also visited: Ossuary and Gauntlet.

You collected 3073 gold pieces.
You spent 2650 gold pieces at shops.

Inventory:

Hand Weapons
 b - a +5 vampiric broad axe (weapon)
   (You found it on level 3 of the Lair of Beasts)
Missiles
 a - 3 silver boomerangs
 d - 33 poisoned darts (quivered)
 f - 6 atropa-tipped darts
 D - 16 javelins
 H - 11 curare-tipped darts
 L - 5 throwing nets {!f}
 S - 6 datura-tipped darts
 W - 36 boomerangs
 Y - 17 silver javelins
Armour
 c - the cursed scarf of the All-seeing Sun (worn) {harm, Self, Melee}
   (You found it on level 5 of the Lair of Beasts)

   It has a curse which improves the following skills: Introspection: Fighting
   and Spellcasting.
   Melee Combat: Short Blades, Long Blades, Axes, Maces & Flails, Polearms,
   Staves and Unarmed Combat.
 e - the cursed +7 tower shield of the Ruined Sun (worn) {Drain rCorr Str+3, Fort, Alch}
   (You took it off a minotaur in a Gauntlet)

   Str:       It affects your strength (+3).
   rCorr:     It protects you from acid and corrosion.
   Drain:     It drains your maximum health when unequipped.
   It has a curse which improves the following skills: Fortitude: Armour and
   Shields.
   Alchemy:   Poison Magic and Transmutations.
 g - the cursed +0 pair of gloves of Ashenzari's Blue Moon (worn) {Range, Comp}
   (You found it on level 1 of the Dungeon)

   It has a curse which improves the following skills: Ranged Combat: Ranged
   Weapons and Throwing.
   Companions: Summonings and Necromancy.
 s - the cursed +1 pair of boots "Eternal Atheism" (worn) {Range, Fort}
   (You bought it in a shop on level 2 of the Orcish Mines)

   It has a curse which improves the following skills: Ranged Combat: Ranged
   Weapons and Throwing.
   Fortitude: Armour and Shields.
 I - the cursed +2 hat of the Chained Sage (worn) {Will+, Fort, Evo}
   (You found it in a Gauntlet)

   It has a curse which improves the following skills: Fortitude: Armour and
   Shields.
   Evocations: Evocations.
 O - a +1 pair of gloves of stealth
   (You bought it in a shop on level 9 of the Dungeon)
 T - a +8 plate armour of poison resistance (worn)
   (You took it off an orc warrior on level 2 of the Orcish Mines)
Jewellery
 j - the cursed amulet "Eternal Together" (around neck) {Reflect Will+ SH+5, Bglg, Self}
   (You found it in a Gauntlet)

   [amulet of reflection]

   It reflects blocked missile attacks.
   SH:        It affects your SH (+5).
   Will:      It increases your willpower.
   It has a curse which improves the following skills: Beguiling: Conjurations,
   Hexes and Translocations.
   Introspection: Fighting and Spellcasting.
 v - the cursed ring "Celestial Sybil" (right hand) {Fly rF+ rC+ Int+2 SInv, Melee, Bglg}
   (You bought it in a shop on level 2 of the Orcish Mines)

   [ring of protection from cold]

   Int:       It affects your intelligence (+2).
   rF:        It protects you from fire.
   rC:        It protects you from cold.
   SInv:      It lets you see invisible.
   Fly:       It grants you flight.
   It has a curse which improves the following skills: Melee Combat: Short
   Blades, Long Blades, Axes, Maces & Flails, Polearms, Staves and Unarmed
   Combat.
   Beguiling: Conjurations, Hexes and Translocations.
 y - the cursed ring "Secrets of Ashenzari" (left hand) {rElec rF+ Will+ Str+4, Bglg, Evo}
   (You acquired it on level 14 of the Dungeon)

   [ring of willpower]

   Str:       It affects your strength (+4).
   rF:        It protects you from fire.
   rElec:     It insulates you from electricity.
   Will:      It increases your willpower.
   It has a curse which improves the following skills: Beguiling: Conjurations,
   Hexes and Translocations.
   Evocations: Evocations.
Wands
 l - a wand of flame (63) {@v4}
   (You found it in an ossuary)
 J - a wand of light (15)
   (You found it on level 6 of the Dungeon)
 U - a wand of paralysis (16)
   (You found it on level 9 of the Dungeon)
 V - a wand of polymorph (31)
   (You found it on level 9 of the Dungeon)
 X - a wand of mindburst (11)
   (You found it on level 4 of the Lair of Beasts)
Scrolls
 n - 13 scrolls of teleportation {@r3 !r}
 o - 3 scrolls of magic mapping {@r5 !r}
 q - 10 scrolls of fear {!r}
 r - a scroll of blinking {@r4}
 t - a scroll of brand weapon
 w - 6 scrolls of fog {!r}
 x - 3 scrolls of vulnerability
 G - 5 scrolls of immolation
 R - 6 scrolls of summoning
 Z - 2 scrolls of poison
Potions
 h - 3 potions of heal wounds {@q2 !q}
 i - 19 potions of curing {@q1 !q}
 k - 10 potions of attraction
 m - 5 potions of berserk rage
 z - 4 potions of magic
 A - 4 potions of ambrosia
 B - a potion of cancellation
 C - 3 potions of lignification {@q6}
 E - 2 potions of resistance
 F - 6 potions of haste {@q4 !q}
 K - 5 potions of flight
 M - 7 potions of might {@q3 !q}
 N - 4 potions of invisibility
 P - 6 potions of mutation
Miscellaneous
 p - a condenser vane (inert)
   (You found it on level 4 of the Spider Nest)
 u - a box of beasts
   (You found it on level 3 of the Lair of Beasts)
 Q - a phial of floods
   (You found it on level 14 of the Dungeon)


   Skills:
 - Level 17.9(21.1) Fighting
 - Level 2.1(4.7) Short Blades
 - Level 15.1(20.7) Axes
 - Level 15.9(21.1) Maces & Flails
 - Level 18.1(21.3) Throwing
 + Level 12.9(17.4) Armour
 + Level 5.4 Dodging
 - Level 3.2 Stealth
 - Level 16.5(20.9) Shields
 - Level 1.4(3.6) Spellcasting
 + Level 6.5(11.0) Translocations
 + Level 10.2(13.6) Evocations


You had 17 spell levels left.
You knew the following spells:

 Your Spells              Type           Power      Damage    Failure   Level
a - Apportation           Tloc           46%        N/A       2%          1
b - Wereblood             Tmut           2%         N/A       97%         2
V - Swiftness             Air            1%         N/A       100%        3
Y - Blink                 Tloc           46%        N/A       3%          2

Your spell library contained the following spells:

 Spells                   Type           Power      Damage    Failure   Level
 Lesser Beckoning         Tloc           23%        N/A       8%          3
 Teleport Other           Tloc           23%        N/A       8%          3
 Passage of Golubria      Tloc           23%        N/A       26%         4
 Portal Projectile        Hex/Tloc       26%        N/A       54%         3
 Magic Dart               Conj           12%        1d3       88%         1
 Beastly Appendage        Tmut           4%         N/A       91%         1
 Foxfire                  Conj/Fire      8%         2x1d4     91%         1
 Necrotise                Necr           8%         1d4       91%         1
 Shock                    Conj/Air       8%         1d3       91%         1
 Summon Small Mammal      Summ           8%         N/A       91%         1
 Searing Ray              Conj           6%         2d4       95%         2
 Call Imp                 Summ           2%         N/A       97%         2
 Ensorcelled Hibernation  Hex/Ice        4%         N/A       97%         2
 Passwall                 Tmut/Erth      1%         N/A       98%         2
 Poisonous Vapours        Pois/Air       4%         N/A       98%         2
 Call Canine Familiar     Summ           2%         N/A       99%         3
 Confusing Touch          Hex            3%         N/A       99%         3
 Conjure Flame            Conj/Fire      2%         6-21      99%         3
 Dazzling Flash           Conj/Hex       6%         N/A       99%         3
 Inner Flame              Hex/Fire       2%         N/A       99%         3
 Mephitic Cloud           Conj/Pois/Air  2%         N/A       99%         3
 Spider Form              Tmut/Pois      2%         N/A       99%         3
 Summon Guardian Golem    Hex/Summ       2%         N/A       99%         3
 Ignite Poison            Fire/Tmut/Pois 2%         N/A       100%        3
 Anguish                  Hex/Necr       1%         N/A       100%        4
 Corpse Rot               Necr/Pois/Air  2%         N/A       100%        4
 Flame Wave               Conj/Fire      2%         2d4       100%        4
 Olgreb's Toxic Radiance  Pois           2%         N/A       100%        4
 Sticky Flame             Conj/Fire      2%         2d3       100%        4
 Summon Lightning Spire   Summ/Air       2%         N/A       100%        4
 Alistair's Intoxication  Tmut/Pois      1%         N/A       100%        5
 Fireball                 Conj/Fire      1%         3d3       100%        5
 Silence                  Hex/Air        1%         N/A       100%        5
 Summon Forest            Summ/Tloc      6%         N/A       100%        5
 Death Channel            Necr           1%         N/A       100%        6
 Eringya's Noxious Bog    Tmut/Pois      1%         N/A       100%        6
 Starburst                Conj/Fire      1%         6d3       100%        6
 Malign Gateway           Summ/Tloc      6%         N/A       100%        7
 Monstrous Menagerie      Summ           1%         N/A       100%        7
 Spellforged Servitor     Conj/Summ      1%         N/A       100%        7
 Discord                  Hex            1%         N/A       100%        8
 Disjunction              Tloc           11%        N/A       100%        8
 Ignition                 Fire           0%         3d3       100%        8
 Lehudib's Crystal Spear  Conj/Erth      1%         10d2      100%        8
 Chain Lightning          Conj/Air       1%         3d1       100%        9


Dungeon Overview and Level Annotations

Branches:
Dungeon (15/15) Zot: 24985  Temple (0/1) D:4            Lair (5/5) D:11 Zot: 18262
 Shoals (4/4) Lair:3 Zot: 19688  Spider (4/4) Lair:2 Zot: 19138   Slime (0/5) Lair:4
    Orc (2/2) D:9 Zot: 7539     Elf (0/3) Orc:2        Vaults (2/5) D:13 Zot: 10241
  Crypt (0/3) Vaults:2     Depths (0/4) D:15        Ossuary (visited)
Gauntlet (visited)

Altars:
Ashenzari
Cheibriados
Dithmenos
Elyvilon
Fedhas
Gozag
Hepliaklqana
Kikubaaqudgha
Nemelex Xobeh
Qazlal
Uskayaw
Wu Jian
Xom
The Shining One
Jiyva

Shops:
D:9 [   Orc:2 (=[*   Shoals:4 *

Annotations:
D:7 1 runed translucent door, Crazy Yiuf
D:9 4 runed translucent doors


Innate Abilities, Weirdness & Mutations

You have a pair of horns on your head.
You reflexively headbutt those who attack you in melee.


Message History

You feel better.
You slice the vault warden!!
The vault warden's soul is no longer bound.
The necromancer gestures at you while chanting.
The bolt of negative energy hits you!!
You feel drained.
The bolt of negative energy hits the ironbound frostheart simulacrum.
The ironbound frostheart simulacrum completely resists.
You block the vault warden's attack.
The yaktaur wields a +0 arbalest.
The yaktaur shoots a bolt.
You reflect the bolt off an invisible shield around you!
The bolt hits the yaktaur.
The ironbound convoker gestures at the necromancer while chanting.
The necromancer seems to grow stronger.
You miss the necromancer. Your headbutt misses the necromancer.
The necromancer is moderately wounded.
You closely miss the vault warden. You slash the vault sentinel!
You slash the ironbound frostheart simulacrum!
You hit the ironbound convoker.
You feel better.
You completely miss the vault warden.
The ironbound convoker's soul is no longer bound.
The necromancer drinks a potion.
The necromancer's spells are empowered!
You block the vault warden's attack.
The vault sentinel blows a loud note on a signal horn!
You block the vault warden's attack.
The ironbound convoker barely misses you.
You slice the ironbound frostheart simulacrum!!
The ironbound frostheart simulacrum vaporises!
You closely miss the necromancer. You slash the sphinx skeleton!
You slash the ironbound convoker!
You feel better. The vault warden blocks your attack.
You barely miss the vault warden. You slice the vault sentinel!!
You block the sphinx skeleton's attack. x2
The sphinx skeleton hits you but does no damage.
The ironbound convoker barely misses you.
You furiously retaliate!
You headbutt the ironbound convoker, but do no damage.
You block the vault warden's attack.
The vault sentinel hits you but does no damage.
The vault warden hits you with a +4 vampiric war axe!
The necromancer hits you but does no damage.
You are too injured to fight recklessly!
You are too injured to fight recklessly!
You are too injured to fight recklessly!
You are too injured to fight recklessly!
You are too injured to fight recklessly!
You are too injured to fight recklessly!
You are too injured to fight recklessly!
You are too injured to fight recklessly!
You are too injured to fight recklessly!
You are too injured to fight recklessly!
You are too injured to fight recklessly!
You are too injured to fight recklessly!
You are too injured to fight recklessly!
The vault warden blocks your attack.
Your headbutt misses the vault warden.
The vault warden is moderately wounded.
You hit the vault warden. You barely miss the vault sentinel.
You slash the necromancer!
You feel better.
You slice the sphinx skeleton!!
You hit the ironbound convoker but do no damage.
The yaktaur shoots a bolt.
You reflect the bolt off an invisible shield around you!
The bolt completely misses the yaktaur.
You slash the vault warden! Your headbutt misses the vault warden.
The vault warden is heavily wounded.
You hit the necromancer.
You completely miss the sphinx skeleton.
You hit the ironbound convoker but do no damage.
You slash the vault warden!
You feel better.
You slash the vault sentinel!
You kill the vault sentinel!
A freezing mist starts to gather...
A vault sentinel simulacrum comes into view.
The necromancer gestures at you while chanting.
The bolt of negative energy hits you!!!
You feel drained.
You block the ironbound convoker's attack.
You block the vault warden's attack.
The vault warden activates a sealing rune.
The yaktaur shoots a bolt.
The bolt completely misses you.
The bolt barely misses the necromancer.
You slash the ironbound convoker!
The ironbound convoker is heavily wounded.
You miss the necromancer. You barely miss the ironbound convoker.
The vault warden blocks your attack.
You slash the vault warden!
The necromancer points at you and mumbles some strange words.
The bolt of negative energy hits you!!
You feel drained.
You block the ironbound convoker's attack.
You block the vault warden's attack. The vault warden completely misses you.
The yaktaur shoots a bolt.
You reflect the bolt off an invisible shield around you!
The bolt hits the yaktaur!
Press: ? - help, v - describe, . - travel
Here: a vault warden, wielding a +4 vampiric war axe, wearing a +0 plate armour and wearing a +0 kite shield (moderately wounded, soul bound, strong)
The floor, spattered with blood.
The necromancer attacks as you move away!
You block the necromancer's attack.
The ironbound convoker attacks as you move away!
You block the ironbound convoker's attack.
The vault warden attacks as you move away!
The vault warden hits you with a +4 vampiric war axe!!
* * * LOW HITPOINT WARNING * * *
The vault warden draws strength from your wounds!
The necromancer gestures at you while chanting.
The bolt of negative energy hits you!!
You feel drained.
You die...

***############## * **
*** ,,, ............. ,
,,, , , ............,,,
, ,, , ,,, ...........#*
***** ,, , ,
,...........# , ,,, * ,,
, ..........Z#,, ,, , ,
......pp)..#. , ,, ,*, *
, .....Zp....#. *
*,,,,......pp@c.#.. , ,
+ ,*, ,,.########..#..,
,, ,, , , ,,....#..#.. ,
,,*,,,* , ,,
,,,...#..######## , * ,,
, ..#......)...,, * , ,
, , <.#.......... , ,,,
...,#. ,,,.#..........
,,,, ** ....#.
.#.........., , ,* ,
....#'######..........,,
,


You could see 2 vault wardens, 2 ironbound convokers, a yaktaur (soul bound), a
necromancer (strong, empowered), a vault sentinel simulacrum and a sphinx
skeleton.

Vanquished Creatures
  Arachne (Spider:2)
  Jorgrun (Spider:1)
  An eldritch tentacle (Vaults:1)
  Polyphemus (Shoals:3)
  2 krakens
  Frances (D:13)
  A sphinx (Vaults:2)
  Agnes (Spider:3)
  Kirke (Lair:3)
  Ilsuiw (Shoals:2)
  5 emperor scorpions (Spider:4)
  An orc warlord (Orc:2)
  5 ghost moths
  Aizul (Spider:3)
  10 vault wardens
  A curse skull (Vaults:2)
  2 ironbound preservers
  An ironbound thunderhulk (Vaults:1)
  A stone giant (D:15)
  3 very ugly things (Vaults:1)
  The ghost of Zuruic the Fighter, a journeyman OgIE of Vehumet (Lair:5)
  The ghost of DungeonMaster the Fighter, a journeyman DsWn of Gozag (Orc:2)
  10 entropy weavers
  2 spark wasps
  Snorg (Lair:3)
  5 dire elephants
  A minotaur (Gauntlet)
  5 merfolk javelineers
  5 merfolk impalers
  3 yaktaur captains (Vaults:1)
  A rakshasa (D:15)
  7 vault guards
  A caustic shrike simulacrum (D:14)
  A jorogumo (Spider:1)
  7 hydras
  2 catoblepae
  An ice dragon (D:14)
  7 radroaches
  2 ghost crabs
  4 ogre magi
  An alligator (Lair:5)
  An alligator snapping turtle (Shoals:4)
  4 boulder beetles
  2 merfolk avatars
  4 merfolk aquamancers (Shoals:4)
  6 ironbound frosthearts
  19 centaur warriors
  13 two-headed ogres
  8 death yaks
  3 orc high priests (Orc:2)
  4 satyrs
  A deep troll shaman (Lair:5)
  3 tengu warriors
  7 sea snakes
  5 skeletal warriors (D:14)
  4 sun moths
  5 pharaoh ants
  4 steelbarb worms
  9 orb spiders
  A glowing orange brain (Vaults:1)
  A death drake (Vaults:1)
  2 spriggan simulacra (D:14)
  A phantasmal warrior (Vaults:2)
  6 wizards
  4 ironbound convokers (Vaults:1)
  4 orc knights
  6 lindwurms (Vaults:1)
  An obsidian statue (Gauntlet)
  Pikel (D:4)
  3 deep elf pyromancers
  A deep elf zephyrmancer (Vaults:1)
  22 harpies
  2 mana vipers (Vaults:1)
  21 wolf spiders
  6 orc sorcerers
  11 fauns
  A tengu skeleton (Vaults:2)
  2 worldbinders (Vaults:1)
  12 manticores
  2 moths of wrath (Spider:3)
  25 ugly things
  16 elephants
  10 cyclopes
  An ice statue (D:14)
  16 merfolk sirens
  3 vault sentinels
  8 black mambas
  10 water nymphs
  3 gargoyles
  2 human skeletons (Vaults:2)
  9 torpor snails
  11 cane toads
  A kobold demonologist (D:10)
  13 rime drakes
  2 unseen horrors
  9 komodo dragons
  2 freezing wraiths (D:14)
  6 demonic crawlers
  16 yaktaurs
  An ice devil (D:14)
  2 tengu conjurers (D:14)
  An anaconda simulacrum (D:14)
  11 trolls
  A burning bush (Lair:4)
  5 meliai
  30 merfolk
  5 tyrant leeches (Spider:4)
  2 polar bears
  4 wind drakes
  2 hornets (Vaults:1)
  22 slime creatures
  44 tarantellas
  8 blink frogs
  9 snapping turtles
  A raiju (Gauntlet)
  8 dream sheep
  30 jumping spiders
  5 shadows
  7 wyverns
  30 culicivoras
  Sigmund (D:5)
  2 wraiths
  48 yaks
  4 water elementals
  3 hogs (Lair:3)
  12 vampire mosquitoes
  6 basilisks
  3 steam dragons
  91 redbacks
  2 spatial vortices (Vaults:1)
  A minotaur simulacrum (D:14)
  5 wargs
  2 acid dragons
  A harpy simulacrum (D:14)
  3 swamp worms (Gauntlet)
  A hydra simulacrum (D:14)
  26 water moccasins
  40 orc warriors
  An ice beast (D:5)
  5 black bears
  A sky beast (D:7)
  14 wolves
  13 ogres
  2 boggarts (Vaults:1)
  7 centaurs
  A lemure (D:4)
  A phantom (D:6)
  3 kobold brigands
  13 bullfrogs
  3 scorpions
  2 gnoll sergeants
  A small abomination (Vaults:1)
  21 wights
  2 troll zombies (D:9)
  12 killer bees
  7 electric eels
  A hound (D:6)
  3 jellies
  38 orc priests
  A gnoll bouda (D:5)
  A human zombie (Ossuary)
  An iguana (D:4)
  24 orc wizards
  4 ogre zombies (D:9)
  4 mummies (Ossuary)
  14 gnolls
  18 adders
  A white imp (D:5)
  2 ufetubi
  3 adder zombies (Ossuary)
  2 worms (D:2)
  A dart slug (D:1)
  110 orcs
  8 endoplasms
  A gnoll zombie (Ossuary)
  12 goblins
  7 hobgoblins
  15 kobolds
  4 quokkas
  8 ball pythons
  7 bats
  2 frilled lizards
  A goblin zombie (D:4)
  7 hobgoblin zombies
  A jackal zombie (Ossuary)
  2 kobold zombies (Ossuary)
  2 orc skeletons (D:9)
  8 orc zombies
  A quokka zombie (D:4)
  3 rats
  A rat zombie (Ossuary)
  2 tentacles (Shoals:3)
1392 creatures vanquished.

Vanquished Creatures (collateral kills)
  An orc warlord (Orc:2)
  An emperor scorpion (Spider:4)
  An entropy weaver (Spider:2)
  A radroach (Spider:2)
  A centaur warrior (D:15)
  A two-headed ogre (D:15)
  An orb spider (Spider:4)
  A steelbarb worm (Spider:4)
  A wolf spider (Spider:1)
  An orc sorcerer (Orc:2)
  A meliai (D:13)
  3 tarantellas
  2 culicivoras (Spider:1)
  A shadow (D:9)
  2 jumping spiders (Spider:2)
  An acid dragon (D:13)
  An ogre (D:15)
  A troll zombie (D:9)
  An ogre zombie (D:9)
  A goblin skeleton (D:9)
  A goblin zombie (D:9)
  A hobgoblin skeleton (D:9)
  An orc skeleton (D:9)
  7 orc zombies (D:9)
34 creatures vanquished.

Vanquished Creatures (others)
  A ghost moth (Spider:4)
  A tarantella (Spider:4)
  A steam dragon (Gauntlet)
  An orc wizard (Orc:1)
  36 fungi
  78 plants
  2 tentacles (Shoals:3)
  4 withered plants (Gauntlet)
124 creatures vanquished.

Grand Total: 1550 creatures vanquished

Notes
Turn   | Place    | Note
-------+----------+-------------------------------------------
     0 | D:1      | EnegeticOcto the Minotaur Brigand began the quest for the
                  | Orb.
     0 | D:1      | Reached XP level 1. HP: 18/18 MP: 0/0
   262 | D:1      | Reached skill level 3 in Fighting
   297 | D:1      | Reached XP level 2. HP: 25/26 MP: 1/1
   703 | D:2      | Reached skill level 4 in Fighting
   703 | D:2      | Reached XP level 3. HP: 33/33 MP: 2/2
   704 | D:2      | Found a broken altar of Ashenzari.
   739 | D:2      | Became a worshipper of Ashenzari the Shackled
  1380 | D:2      | Reached skill level 1 in Axes
  1605 | D:3      | Reached skill level 5 in Fighting
  1628 | D:3      | Reached XP level 4. HP: 42/42 MP: 3/3
  2088 | D:3      | Reached * piety under Ashenzari
  2120 | D:3      | Found a hide-covered altar of Uskayaw.
  2225 | D:3      | Reached skill level 2 in Maces & Flails
  2593 | D:4      | Found a sand-covered staircase.
  2601 | D:4      | Reached skill level 3 in Maces & Flails
  2601 | D:4      | Reached XP level 5. HP: 46/50 MP: 4/4
  2651 | D:4      | Noticed a lemure
  2651 | D:4      | Noticed a lemure
  2652 | D:4      | Noticed Pikel
  2667 | D:4      | Killed a lemure
  2684 | D:4      | Noticed a lemure
  2694 | D:4      | Killed Pikel
  2695 | D:4      | Reached skill level 7 in Maces & Flails
  2695 | D:4      | Reached XP level 6. HP: 57/57 MP: 5/5
  2695 | D:4      | Reached XP level 7. HP: 62/62 MP: 6/6
  2765 | Ossuary  | Entered an ossuary
  2786 | Ossuary  | Reached skill level 8 in Maces & Flails
  3250 | D:4      | Reached ** piety under Ashenzari
  3488 | D:4      | Found a staircase to the Ecumenical Temple.
  3710 | D:5      | Entered Level 5 of the Dungeon
  3779 | D:5      | Reached skill level 9 in Maces & Flails
  3978 | D:5      | Noticed Sigmund
  3982 | D:5      | Killed Sigmund
  3983 | D:5      | Reached skill level 10 in Maces & Flails
  3983 | D:5      | Reached XP level 8. HP: 68/71 MP: 7/7
  4148 | D:5      | Found a glowing golden altar of the Shining One.
  4626 | D:5      | Reached skill level 11 in Maces & Flails
  4635 | D:5      | Found a sparkling altar of Nemelex Xobeh.
  4872 | D:6      | Reached skill level 12 in Maces & Flails
  5074 | D:6      | Found a blossoming altar of Fedhas.
  5599 | D:6      | Reached skill level 1 in Shields
  5649 | D:6      | Reached XP level 9. HP: 68/77 MP: 8/8
  5825 | D:6      | Reached skill level 2 in Shields
  6022 | D:6      | Found a shimmering altar of Xom.
  6023 | D:6      | Found a hazy altar of Hepliaklqana.
  6024 | D:6      | Noticed a spectral ugly thing
  6250 | D:7      | Reached skill level 13 in Maces & Flails
  6253 | D:7      | Reached skill level 3 in Shields
  7244 | D:7      | Noticed a troll
  7251 | D:7      | Killed a troll
  7252 | D:7      | Reached skill level 14 in Maces & Flails
  7398 | D:7      | Found a runed translucent door.
  7399 | D:7      | Noticed Crazy Yiuf
  8087 | D:8      | Reached *** piety under Ashenzari
  8324 | D:8      | Reached skill level 15 in Maces & Flails
  8485 | D:8      | Identified the Codex of Baleful Toxins
  8720 | D:8      | Reached XP level 10. HP: 64/79 MP: 9/9
  8785 | D:8      | Found a snail-covered altar of Cheibriados.
  9122 | D:8      | Reached skill level 1 in Armour
  9370 | D:9      | Reached skill level 1 in Evocations
  9401 | D:9      | Reached skill level 2 in Dodging
  9691 | D:9      | Reached skill level 2 in Armour
 10192 | D:9      | Reached **** piety under Ashenzari
 10196 | D:9      | Found a huge runed translucent gate.
 10213 | D:9      | Found a huge runed translucent gate.
 10214 | D:9      | Found a huge runed translucent gate.
 10214 | D:9      | Found a huge runed translucent gate.
 10299 | D:9      | Reached skill level 6 in Fighting
 10299 | D:9      | Reached skill level 2 in Evocations
 10368 | D:9      | Found a staircase to the Orcish Mines.
 10815 | D:9      | Found a stormy altar of Qazlal.
 10822 | D:9      | Found an ornate altar of the Wu Jian Council.
 10822 | D:9      | Found an opulent altar of Gozag.
 10822 | D:9      | Found a broken altar of Ashenzari.
 10822 | D:9      | Found a shadowy altar of Dithmenos.
 10885 | D:9      | Found Miubix's Antique Armour Shop.
 10887 | D:9      | Noticed a gargoyle
 10896 | D:9      | Killed a gargoyle
 10897 | D:9      | Reached skill level 7 in Fighting
 10897 | D:9      | Reached skill level 3 in Evocations
 11256 | D:10     | Entered Level 10 of the Dungeon
 11399 | D:10     | Noticed a two-headed ogre
 11408 | D:10     | Killed a two-headed ogre
 11409 | D:10     | Reached skill level 8 in Fighting
 11409 | D:10     | Reached skill level 3 in Armour
 11820 | D:10     | Reached skill level 4 in Evocations
 11828 | D:10     | Reached skill level 4 in Armour
 11835 | D:10     | Reached XP level 11. HP: 72/104 MP: 10/10
 11993 | D:10     | Reached skill level 5 in Armour
 12208 | D:10     | Reached skill level 5 in Evocations
 13164 | D:11     | Reached skill level 6 in Armour
 13319 | D:11     | Reached skill level 6 in Evocations
 13321 | D:11     | Reached skill level 4 in Shields
 13538 | D:11     | Found a staircase to the Lair.
 13753 | D:11     | Noticed a boulder beetle
 13764 | D:11     | Killed a boulder beetle
 14219 | Lair:1   | Entered Level 1 of the Lair of Beasts
 14355 | Lair:1   | Reached skill level 5 in Shields
 14379 | D:11     | Reached skill level 9 in Fighting
 14802 | Lair:1   | Reached skill level 7 in Evocations
 14945 | Lair:1   | Reached skill level 6 in Shields
 15171 | Lair:1   | Noticed an eight-headed hydra
 15654 | Lair:1   | Reached XP level 12. HP: 116/116 MP: 11/11
 15710 | Lair:1   | Killed an eight-headed hydra
 15711 | Lair:1   | Reached skill level 10 in Fighting
 15711 | Lair:1   | Reached skill level 7 in Shields
 15893 | Lair:1   | Found a stormy altar of Qazlal.
 15897 | Lair:1   | Noticed a death yak
 15918 | Lair:1   | Noticed a death yak
 15925 | Lair:1   | Killed a death yak
 15926 | Lair:1   | Reached skill level 8 in Evocations
 15937 | Lair:1   | Killed a death yak
 16428 | Lair:2   | Found a hole to the Spider Nest.
 16801 | Lair:2   | Reached skill level 11 in Fighting
 17352 | Lair:2   | Reached skill level 9 in Evocations
 17878 | Lair:3   | Reached skill level 10 in Evocations
 17924 | Lair:3   | Reached skill level 7 in Armour
 18125 | Lair:3   | Found a staircase to the Shoals.
 18129 | Lair:3   | Identified the Parchment of the Eleven Artisans
 18484 | Lair:3   | Reached skill level 8 in Armour
 18569 | Lair:3   | Noticed Kirke
 19579 | Lair:3   | Noticed Snorg
 19588 | Lair:3   | Killed Snorg
 19589 | Lair:3   | Reached skill level 9 in Armour
 19589 | Lair:3   | Reached XP level 13. HP: 115/126 MP: 12/12
 20150 | Lair:3   | Killed Kirke
 20151 | Lair:3   | Reached skill level 3 in Axes
 20151 | Lair:3   | Reached skill level 10 in Armour
 20228 | Lair:3   | Found a staircase to the Shoals.
 20589 | Lair:4   | Reached skill level 4 in Axes
 20594 | Lair:4   | Reached skill level 5 in Axes
 20791 | Lair:4   | Reached skill level 6 in Axes
 20932 | Lair:4   | Reached skill level 7 in Axes
 21253 | Lair:4   | Found a staircase to the Slime Pits.
 21254 | Lair:4   | Found a viscous altar of Jiyva.
 21307 | Lair:4   | Reached skill level 8 in Axes
 22099 | Lair:5   | Entered Level 5 of the Lair of Beasts
 22105 | Lair:5   | Reached skill level 9 in Axes
 22203 | Lair:5   | Reached skill level 10 in Axes
 22480 | Lair:5   | Reached skill level 11 in Axes
 22759 | Lair:5   | Found the +4 skin of Zhor {*Englaciate rC+++ SInv}
 22860 | Lair:5   | Reached skill level 1 in Spellcasting
 23040 | Lair:5   | Identified the ring "Myrim" {Fly rN+ Will+ Int+6}
 23040 | Lair:5   | Identified the +1 falchion "Lacertilian's Undoing" {drain,
                  | rF+ Dex+3}
 23042 | Lair:5   | Noticed Zuruic's ghost (journeyman OgIE)
 23046 | Lair:5   | Found a runed translucent gate.
 23046 | Lair:5   | Found a runed translucent gate.
 23048 | Lair:5   | Found a runed translucent gate.
 23403 | Lair:5   | Reached skill level 12 in Axes
 23609 | Lair:5   | Reached XP level 14. HP: 112/129 MP: 13/17
 24455 | Lair:5   | Reached skill level 13 in Axes
 25079 | Lair:5   | Reached skill level 14 in Axes
 25739 | Lair:5   | Killed Zuruic's ghost
 26299 | D:9      | Bought a glowing plate armour for 832 gold pieces
 26300 | D:9      | Bought a pair of runed gloves for 240 gold pieces
 26385 | Orc:1    | Entered Level 1 of the Orcish Mines
 26386 | Orc:1    | Upgraded the game from 0.29-a0-872-g797fff5ad1 to
                  | 0.29-a0-878-g7b45a56547
 26464 | Orc:1    | Reached skill level 15 in Axes
 26857 | Orc:2    | Entered Level 2 of the Orcish Mines
 26876 | Orc:2    | Noticed an orc warlord
 26894 | Orc:2    | Killed an orc warlord
 27966 | Orc:1    | Reached skill level 3 in Throwing
 28380 | Orc:2    | Noticed DungeonMaster's ghost (journeyman DsWn)
 28385 | Orc:2    | Identified the +5 dire flail "Yceuwol" {spect, rF- rN+
                  | Str-4 Dex+10}
 28416 | Orc:2    | Found a transporter.
 28452 | Orc:2    | Found a transporter.
 28483 | Orc:2    | Found a staircase to the Elven Halls.
 29002 | Orc:2    | Reached skill level 4 in Throwing
 29052 | Orc:2    | Reached skill level 12 in Fighting
 29165 | Orc:2    | Noticed an orc warlord
 29169 | Orc:2    | Reached skill level 11 in Armour
 29181 | Orc:2    | Killed an orc warlord
 29976 | Orc:2    | Found Lunudeis's Antique Armour Boutique.
 29977 | Orc:2    | Found Tebreup's Antique Weapon Shop.
 29978 | Orc:2    | Found Vaucs's General Store.
 29978 | Orc:2    | Found Osumom's Jewellery Boutique.
 30174 | Orc:2    | Bought the ring "Yjycw" {Fly rF+ rC+ Int+2 SInv} for 594
                  | gold pieces
 30588 | D:12     | Reached skill level 5 in Throwing
 30735 | D:12     | Reached XP level 15. HP: 134/138 MP: 17/17
 31495 | D:13     | Found a gate leading to a gauntlet.
 31538 | Gauntlet | Entered a Gauntlet
 31538 | Gauntlet | Found a transporter.
 31538 | Gauntlet | Found a transporter.
 31554 | Gauntlet | Found a transporter.
 31555 | Gauntlet | Identified the amulet "Ynasuonk" {Reflect Will+ SH+5}
 31557 | Gauntlet | Found a transporter.
 31565 | Gauntlet | Found a transporter.
 31569 | Gauntlet | Found a transporter.
 31577 | Gauntlet | Found a transporter.
 31593 | Gauntlet | Found a transporter.
 31607 | Gauntlet | Found a transporter.
 31611 | Gauntlet | Found a transporter.
 31619 | Gauntlet | Found a transporter.
 31623 | Gauntlet | Found a transporter.
 32093 | Gauntlet | Identified the +7 morningstar of Kilaotas {holy, *Rage
                  | *Corrode Fly Stlth+}
 32093 | Gauntlet | Identified the +7 tower shield of the Hairy Heron {Drain
                  | rCorr Str+3}
 32123 | Gauntlet | Identified the Writings on Elsewhere
 32123 | Gauntlet | Identified the +0 robe of the Hills {*Corrode rN+ Str+4
                  | Int+3}
 32158 | D:13     | Noticed Frances
 32169 | D:13     | Killed Frances
 32170 | D:13     | Reached skill level 8 in Shields
 32354 | D:13     | Reached skill level 6 in Throwing
 32578 | D:13     | Reached skill level 13 in Fighting
 32885 | D:13     | Found a gate to the Vaults.
 33460 | D:13     | Reached skill level 9 in Shields
 34366 | D:14     | Reached skill level 7 in Throwing
 35346 | D:14     | Reached skill level 14 in Fighting
 35417 | D:14     | Reached skill level 10 in Shields
 36216 | D:14     | Reached skill level 8 in Throwing
 36432 | D:14     | Identified a scroll of acquirement
 36440 | D:14     | Acquired the ring of Lesser Demons {rElec rF+ Will+ Str+4}
 37053 | Orc:2    | Bought a pair of glowing boots for 232 gold pieces
 37327 | D:15     | Entered Level 15 of the Dungeon
 37378 | D:15     | Found a hazy altar of Hepliaklqana.
 37647 | D:15     | Found an ancient bone altar of Kikubaaqudgha.
 37653 | D:15     | Reached skill level 11 in Shields
 37657 | D:15     | Reached XP level 16. HP: 65/147 MP: 6/17
 38097 | D:15     | Reached skill level 9 in Throwing
 38158 | D:15     | Found a staircase to the Depths.
 38167 | D:15     | Reached skill level 15 in Fighting
 38464 | D:15     | Found a white marble altar of Elyvilon.
 38889 | D:15     | Identified the +4 chain mail "Rutta" {rF+ Slay+4}
 39195 | Spider:1 | Entered Level 1 of the Spider Nest
 39595 | Spider:1 | Reached skill level 12 in Shields
 39765 | Spider:1 | Noticed Jorgrun
 39790 | Spider:1 | Killed Jorgrun
 39791 | Spider:1 | Reached skill level 10 in Throwing
 40177 | Spider:1 | Identified the Directory of the Pyromaniac and Striking
 40192 | Spider:1 | Reached skill level 16 in Fighting
 40406 | Spider:1 | Learned a level 1 spell: Apportation
 40409 | Spider:1 | Learned a level 2 spell: Wereblood
 40413 | Spider:1 | Learned a level 3 spell: Swiftness
 40416 | Spider:1 | Learned a level 2 spell: Blink
 40449 | Spider:2 | Reached skill level 13 in Shields
 40527 | Spider:2 | Reached skill level 1 in Translocations
 40656 | Spider:2 | Reached skill level 2 in Translocations
 40823 | Spider:2 | Reached skill level 11 in Throwing
 40860 | Spider:2 | Reached XP level 17. HP: 147/165 MP: 16/20
 40942 | Spider:2 | Noticed Arachne
 40958 | Spider:2 | Killed Arachne
 41488 | Spider:3 | Reached skill level 3 in Translocations
 41907 | Spider:3 | Reached skill level 14 in Shields
 41923 | Spider:3 | Noticed Aizul
 41941 | Spider:3 | Killed Aizul
 42222 | Spider:3 | Reached ***** piety under Ashenzari
 42715 | Spider:4 | Entered Level 4 of the Spider Nest
 42733 | Spider:3 | Reached skill level 17 in Fighting
 42937 | Spider:4 | Noticed Agnes
 42948 | Spider:3 | Killed Agnes
 43133 | Spider:4 | Reached skill level 4 in Translocations
 43269 | Spider:4 | Reached skill level 12 in Throwing
 44045 | Spider:4 | Reached skill level 15 in Shields
 44049 | Spider:4 | Reached skill level 5 in Translocations
 44139 | Spider:4 | Got a gossamer rune of Zot
 44560 | Orc:2    | Bought a jewelled cloak for 294 gold pieces
 44560 | Orc:2    | Identified the +1 cloak "Nuv Ygh" {-Tele Regen+ Dex+5} (You
                  | bought it in a shop on level 2 of the Orcish Mines)
 44573 | Orc:2    | Bought 4 curare-tipped darts for 38 gold pieces
 44573 | Orc:2    | Bought 2 potions of curing for 96 gold pieces
 44573 | Orc:2    | Bought a scroll of magic mapping for 120 gold pieces
 44645 | Orc:2    | Killed DungeonMaster's ghost
 44646 | Orc:2    | Reached XP level 18. HP: 161/178 MP: 17/21
 44866 | Shoals:1 | Entered Level 1 of the Shoals
 45685 | Shoals:2 | Noticed Ilsuiw
 45702 | Shoals:2 | Killed Ilsuiw
 45703 | Shoals:2 | Reached skill level 13 in Throwing
 46060 | Shoals:2 | Identified the ring of Egomania {rPois rC+ Will+ AC+4}
 46125 | Shoals:2 | Reached skill level 16 in Shields
 47196 | Shoals:3 | Reached skill level 14 in Throwing
 47819 | Shoals:3 | Noticed Polyphemus
 47842 | Shoals:3 | Killed Polyphemus
 48076 | Shoals:4 | Entered Level 4 of the Shoals
 48076 | Shoals:4 | Found Bify Aff's General Store.
 48106 | Shoals:4 | Bought a wand of paralysis (5) for 204 gold pieces
 48139 | Shoals:4 | Identified the ring "Deck" {rCorr Int+3 SInv Stlth-}
 48161 | Shoals:4 | Reached skill level 15 in Throwing
 48712 | Shoals:4 | Identified the +3 sling of Ypho {venom, rF+ rCorr Str-5}
 49057 | Shoals:4 | Got a barnacled rune of Zot
 49405 | Vaults:1 | Entered Level 1 of the Vaults
 49410 | Vaults:1 | Reached skill level 16 in Throwing
 49506 | Vaults:1 | Reached XP level 19. HP: 184/184 MP: 22/22
 49516 | Vaults:1 | Identified Sif Muna's Tome of Spellbinding
 49701 | Vaults:1 | Reached skill level 17 in Throwing
 50010 | Vaults:1 | Noticed a bone dragon
 50024 | Vaults:1 | Identified Cigotuvi's Lessons on Death
 50278 | Vaults:1 | Reached skill level 18 in Throwing
 50329 | Vaults:1 | Identified the Vellum of the Flock
 50414 | Vaults:1 | Reached skill level 3 in Dodging
 50436 | Vaults:1 | Reached skill level 12 in Armour
 50515 | Vaults:1 | Identified the Compilation of the Traveller
 50691 | Vaults:1 | Identified Basifefu's Tractate on Grim Pestilence
 50691 | Vaults:1 | Identified Ezujulann's Quarto of Vitiation
 50718 | Vaults:1 | Reached skill level 6 in Translocations
 50798 | Vaults:2 | Reached skill level 4 in Dodging
 51089 | Vaults:2 | Found a staircase to the Crypt.
 51112 | Vaults:2 | Identified the cursed scarf of the All-seeing Sun {harm,
                  | Self, Melee} (You found it on level 5 of the Lair of
                  | Beasts)
 51112 | Vaults:2 | Identified the cursed +2 hat of the Chained Sage {Will+,
                  | Fort, Evo} (You found it in a Gauntlet)
 51112 | Vaults:2 | Identified the cursed +0 pair of gloves of Ashenzari's Blue
                  | Moon {Range, Comp} (You found it on level 1 of the Dungeon)
 51112 | Vaults:2 | Identified the cursed +1 pair of boots "Eternal Atheism"
                  | {Range, Fort} (You bought it in a shop on level 2 of the
                  | Orcish Mines)
 51115 | Vaults:2 | Reached skill level 5 in Dodging
 51245 | Vaults:2 | Killed from afar by a necromancer

Illustrated notes

Levels and vault maps discovered:
D:1:      lightli_arrival_quake, layout_basic, minmay_pentomino_x2
D:2:      layout_basic, basic_altar
D:3:      layout_basic, nicolae_uskayaw_murder_on_the_dancefloor,
          kennysheep_small_spiral, minmay_distorted
D:4:      layout_rooms, temple_statues, enter_ossuary_4, uniq_pikel
D:5:      layout_loops_ring, nemelex_dance_club_becter,
          mainiacjoe_overflow_brackets, uniq_sigmund
D:6:      layout_loops_corners, regret_index_temple_of_mockery, fedhas_altar_3
D:7:      layout_layer_cave, uniq_crazy_yiuf_cottage
D:8:      layout_cave_pools, cheibriados_altar_1
D:9:      lemuel_bear_cage, layout_cross, minitemple, zombieorc2_lemuel,
          serial_shops, nicolae_diamond_shop
D:10:     layout_small_grid
D:11:     layout_cave_pods, david_lair_generic, chequers_big_river
D:12:     layout_basic
D:13:     layout_layer_cave, skrybe_vaults_entry_preservation,
          gauntlet_entry_generic, small_statue_intersection, uniq_frances
D:14:     dreamdust_isle_of_ice, layout_loops_ring, serial_co_window_serial,
          co_window_paths_a, co_window_corner_a, co_window_of_opportunity_a,
          co_window_corner_a, co_window_corner_a, co_window_paths_a,
          co_window_paths_a, co_window_unsneaky_path_d, co_window_paths_c,
          co_window_cross_3, co_window_unsneaky_path_b, co_window_paths_c,
          co_window_corner_ca, co_window_unsneaky_path_a, glass_columns_a,
          glass_columns_a, glass_columns_b, serial_bayou_pond_a,
          dk_noncrumbling_3
D:15:     grunt_enter_depths_snipers, layout_irregular_city,
          kiku_gazebo_pond_becter, hangedman_feature_mirror
Lair:1:   layout_gridlike, basic_altar, serial_bayou_shore_b, grunt_megastairs_3
Lair:2:   layout_cave_pods, spider_nest_entry_webs, grunt_megastairs_1
Lair:3:   lemuel_reptile_caves, layout_gridlike, elwin_shoals_entry_stream,
          uniq_snorg, uniq_kirke
Lair:4:   layout_cave_pods, slime_entry_1, evilmike_ambush
          [evilmike_ambush_outer_basic, evilmike_ambush_inner_basic],
          grunt_megastairs_2
Lair:5:   grunt_lair_end_beastmaster, layout_loops_ring, gammafunk_ghost_split,
          fungi_pond_lemuel, chequers_serial_rivers_micro_a,
          minmay_stone_trees_small, hellmonk_guarded_unrand_zhor
Shoals:1: layout_shoals
Shoals:2: layout_shoals, uniq_ilsuiw
Shoals:3: layout_shoals, uniq_polyphemus
Shoals:4: shoals_end_simple, layout_shoals, serial_shops, shop_statue
Spider:1: layout_spider_delve, uniq_jorgrun
Spider:2: layout_spider_delve, uniq_arachne
Spider:3: layout_chambers, uniq_aizul
Spider:4: grunt_spider_rune_circles, nicolae_spider_swamp_cousins, uniq_agnes
Orc:1:    layout_caves
Orc:2:    st_orc_congregation, layout_caves, gammafunk_ghost_smash
Vaults:1: dpeg_vaults_monster_box, vaults_room_ringed_pool,
          grunt_vaults_trifunnel, dpeg_vaults_monster_row,
          ontoclasm_vaults_idyll, nicolae_vaults_what_the_h, grunt_vaults_focal,
          vaults_dpeg_diagonal, nicolae_vaults_mini_display_case, v_misc_18,
          layout_vaults_ring, serial_hangedman_research,
          hangedman_research_toxicology, hangedman_research_convocations,
          hangedman_research_quantum, hangedman_research_thanatology
Vaults:2: ontoclasm_vaults_decontamination, vaults_room_stairs_pillars,
          minmay_crypt_entry_simple_round, vaults_room_pool,
          ontoclasm_vaults_loading_screen, v_rooms_6, vaults_room_fours,
          v_misc_11, grunt_vaults_hallway_short, v_rooms_2,
          hangedman_vaults_river_flow, v_misc_17,
          nicolae_vaults_border_crossing, vaults_room_stairs_pillars,
          grunt_vaults_hallway_long, layout_vaults_omnicross

Skill      XL: |  1  2  3  4  5  6  7  8  9 10 11 12 13 14 15 16 17 18 19 |
---------------+----------------------------------------------------------+-----
Fighting       | 3 4 5 8 9 11 12 14 16 17 | 17.9
Axes           | 1 12 15 | 15.1
Maces & Flails | 3 7 10 12 15 | 15.9
Shields        | 1 3 6 7 11 13 15 16 | 16.5
Armour         | 4 6 9 10 11 12 | 12.9
Evocations     | 4 7 10 | 10.2
Dodging        | 2 5 |  5.4
Spellcasting   | 1 |  1.4
Throwing       | 5 8 11 12 16 18 | 18.1
Translocations | 2 5 6 |  6.5
Short Blades   | |  2.1
Stealth        | |  3.2

Action                   |  1- 3 |  4- 6 |  7- 9 | 10-12 | 13-15 | 16-18 | 19-21 || total
-------------------------+-------+-------+-------+-------+-------+-------+-------++-------
Melee: Dagger            |    86 |    26 |       |       |       |       |       ||   112
       Headbutt          |     6 |     6 |    40 |   117 |   284 |   378 |   110 ||   941
       Punch             |     1 |     1 |       |       |       |       |       ||     2
       Flail             |       |    41 |     2 |       |       |       |       ||    43
       Morningstar       |       |       |   252 |   541 |   542 |       |       ||  1335
       War axe           |       |       |    16 |       |       |       |       ||    16
       Halberd           |       |       |    17 |       |       |       |       ||    17
       Broad axe         |       |       |       |       |   673 |  1489 |   437 ||  2599
Throw: Dart              |    13 |    10 |    16 |    88 |    35 |    30 |       ||   192
       Stone             |     8 |       |       |       |       |       |       ||     8
       Boomerang         |       |       |       |       |    32 |       |       ||    32
       Javelin           |       |       |       |       |       |     3 |       ||     3
Invok: Curse Item        |     1 |     1 |     3 |     1 |     3 |     4 |     1 ||    14
       Shatter the Chain |       |       |       |       |     4 |     2 |       ||     6
Evoke: Wand              |       |       |     1 |    10 |    17 |     3 |       ||    31
       Box of beasts     |       |       |       |       |     4 |     4 |       ||     8
       Phial of floods   |       |       |       |       |       |     2 |       ||     2
       Condenser vane    |       |       |       |       |       |     1 |     1 ||     2
  Use: Scroll            |     4 |       |     1 |     6 |    16 |     8 |     4 ||    39
       Potion            |       |       |     6 |     1 |     1 |       |     4 ||    12
 Stab: Sleeping          |     7 |     2 |     7 |     2 |       |       |       ||    18
       Paralysed         |       |       |       |     3 |     4 |       |       ||     7
       Confused          |       |       |       |       |     2 |       |       ||     2
       Invisible         |       |       |       |       |     1 |       |       ||     1
       Held in net/web   |       |       |       |       |       |     1 |       ||     1
       Petrifying        |       |       |       |       |       |     2 |       ||     2
Armor: Robe              |    23 |       |       |       |       |       |       ||    23
       Leather armour    |     4 |    24 |    63 |     8 |       |       |       ||    99
       Plate armour      |       |       |       |   169 |   578 |   714 |   105 ||  1566
       Chain mail        |       |       |       |     8 |       |       |       ||     8
       Skin              |       |       |       |       |       |       |     6 ||     6
Dodge: Dodged            |    38 |    33 |   158 |   156 |   401 |   303 |    38 ||  1127
Block: Buckler           |       |       |    27 |   102 |   242 |       |       ||   371
       Tower shield      |       |       |       |       |   398 |  2050 |   527 ||  2975
       Reflection        |       |       |       |       |       |       |    47 ||    47

Table legend: (Time is in decaauts)
 A = Elapsed time spent in this place.
 B = Non-inter-level travel time spent in this place.
 C = Inter-level travel time spent in this place.
 D = Time resting spent in this place.
 E = Time spent auto-exploring this place.
 F = Levels seen in this place.
 G = Mean time per level.
                   A        B        C        D        E       F      G
               +--------+--------+--------+--------+--------+-----+--------+
         Total |  50655 |  47361 |   3294 |   6456 |  32340 |  34 | 1489.9 |
       Dungeon |  22540 |  21059 |   1481 |   1907 |  15897 |  15 | 1502.7 |
          Lair |  11737 |  11122 |    615 |   2951 |   6663 |   5 | 2347.4 |
        Shoals |   4311 |   4038 |    273 |      0 |   3259 |   4 | 1077.8 |
   Spider Nest |   4861 |   4727 |    134 |    632 |   2749 |   4 | 1215.2 |
  Orcish Mines |   4460 |   3742 |    718 |    697 |   2273 |   2 | 2230.0 |
        Vaults |   1757 |   1687 |     70 |     42 |   1056 |   2 |  878.5 |
       Ossuary |    379 |    379 |      0 |     66 |    191 |   1 |  379.0 |
      Gauntlet |    607 |    607 |      0 |    161 |    251 |   1 |  607.0 |
               +--------+--------+--------+--------+--------+-----+--------+

Top non-repeatable levels by time:
  Lair:5: 3819 daAuts
   Orc:2: 3231 daAuts
  Lair:3: 2960 daAuts
    D:14: 2660 daAuts
    D:13: 2314 daAuts
    D:11: 2136 daAuts
     D:7: 2056 daAuts
Spider:3: 1904 daAuts
     D:9: 1762 daAuts
    D:15: 1707 daAuts
     D:6: 1698 daAuts
  Lair:2: 1691 daAuts
  Lair:4: 1664 daAuts
  Lair:1: 1601 daAuts
    D:10: 1545 daAuts
